 Dungeon Crawl Stone Soup version 0.32-a0-656-g3542139ebd (webtiles) character file.

Game seed: 7986970080836666325

534 croobank the Grave Robber (level 7, 0/60 HPs)
             Began as a Deep Elf Necromancer on Mar 8, 2024.
             Slain by an orc priest
             ... wielding a +0 short sword
              (4 damage)
             ... on level 4 of the Dungeon.
             The game lasted 00:13:52 (3777 turns).

croobank the Grave Robber (Deep Elf Necromancer)    Turns: 3777, Time: 00:13:52

Health: 0/60       AC:  4    Str:  5    XL:     7   Next: 4%
Magic:  9/16       EV: 14    Int: 22    God:
Gold:   133        SH:  0    Dex: 15    Spells: 12/16 levels left

rFire   . . .        m - +2 dagger (holy)
rCold   . . .        (no shield)
rNeg    . . .        a - +0 robe
rPois   .            (no helmet)
rElec   .            p - +0 cloak
rCorr   .            (no gloves)
SInv    .            t - +0 pair of boots
Will    .....        (no amulet) Stlth
                     (no ring)
HPRegen 0.30/turn    (no ring)
MPRegen 0.15/turn

%: no passive effects
@: berserking (expiring), very quick
A: no striking features
a: Convert to Beogh


You were on level 4 of the Dungeon.
You visited 1 branch of the dungeon, and saw 4 of its levels.

You collected 133 gold pieces.

Inventory:

Hand Weapons
 f - a +0 dagger of flaming
 m - a +2 dagger of holy wrath (weapon)
Armour
 a - a +0 robe (worn)
 p - a +0 cloak (worn)
 t - a +0 pair of boots (worn)
Magical Staves
 x - a staff of air
Wands
 v - a wand of digging (3)
Scrolls
 c - a scroll of amnesia
 j - 2 scrolls of enchant weapon {unknown}
 l - 2 scrolls of enchant armour {unknown}
 o - a scroll of blinking {unknown}
 q - a scroll of noise {unknown}
 r - a scroll of fog {unknown}
 s - a scroll of vulnerability
 u - 2 scrolls of identify {unknown}
Potions
 b - a potion of magic
 e - a potion of berserk rage
 g - a potion of haste {unknown}
 h - a potion of ambrosia {unknown}
 i - 3 potions of lignification {unknown}
 k - a potion of enlightenment {unknown}
 n - a potion of brilliance {unknown}
 w - a potion of curing {unknown}


   Skills:
 + Level 2.1 Fighting
 + Level 4.4 Dodging
 + Level 4.7 Stealth
 + Level 5.1 Spellcasting
 * Level 1.5 Conjurations
 + Level 6.2 Necromancy
 * Level 1.4 Alchemy


You had 12 spell levels left.
You knew the following spells:

 Your Spells              Type           Power      Damage    Failure   Level
a - Necrotise             Necr           100%       1d9       1%          1
b - Mephitic Cloud        Conj/Alch/Air  9%         N/A       21%         3

Your spell library contained the following spells:

 Spells                   Type           Power      Damage    Failure   Level
 Vampiric Draining        Necr           33%        2d8       2%          3
 Animate Dead             Necr           33%        N/A       8%          4
 Mercury Vapours          Alch/Air       16%        N/A       12%         2
 Curse of Agony           Necr           33%        N/A       22%         5
 Freezing Cloud           Conj/Ice/Air   3%         6-21      92%         5


Dungeon Overview and Level Annotations

Branches:
Dungeon (4/15)
 Temple: D:4-7

Altars:
Qazlal


Message History

An orc priest comes into view. It is wielding a +0 short sword.
You feel sick.
Your adder skeleton bites the orc.
The orc attacks as it pursues you! The orc barely misses you.
The orc closely misses your adder skeleton.
The orc wizard casts a spell at you.
The magic dart hits your adder skeleton!
An orc comes into view. It is wielding a +0 dagger.
Casting: Necrotise (safe; 1% risk of failure)
Confirm with . or Enter, or press ? or * to list all spells.
Aiming: Mephitic Cloud (quite dangerous; 21% risk of failure)
Press: ? - help, Shift-Dir - straight line, f - orc
Aim: an orc, wielding a +0 war axe (moderately wounded, chance to affect: 96%)
Okay, then.
Casting: Mephitic Cloud (quite dangerous; 21% risk of failure)
Confirm with . or Enter, or press ? or * to list all spells.
Aiming: Necrotise (safe; 1% risk of failure)
Press: ? - help, Shift-Dir - straight line, f/p - orc
Aim: an orc, wielding a +0 war axe (moderately wounded, chance to affect: 93%)
The orc writhes in agony!
You kill the orc!
The dead are walking!
You feel sick.
You are no longer poisoned.
The orc priest invokes the aid of Beogh against you.
Pain shoots through your body!
* * * LOW HITPOINT WARNING * * *
It was a potion of berserk rage.
A red film seems to cover your vision as you go berserk!
You feel yourself moving faster!
You feel mighty!
The orc wizard closely misses your adder skeleton.
The orc priest begins to cast a cantrip, but forgets the words!
You feel a strong urge to attack something.
Your adder skeleton bites the orc wizard but does no damage.
The orc priest completely misses you.
The orc wizard hits your adder skeleton with a +1 dagger of protection.
A goblin comes into view. It is wielding a +0 short sword.
Your adder skeleton misses the orc wizard.
You hit the orc priest.
The orc priest is moderately wounded.
The orc priest hits you with a +0 short sword.
You die...

.#...........##########
#.####'##.### .
#.......#.#
#.#########.##
#............#
#..........#
#....Z.....#
#.........##
#....@....# #..oZo○°..#
#..o.%....# #.o.......#
#.........# #........!#
g.........#
...........#


You could see 2 orc priests, an orc wizard (ally target), an orc, a goblin, a
friendly adder skeleton and a friendly orc skeleton.

Vanquished Creatures
  Sigmund (D:3)
  3 bombardier beetles
  2 orc priests (D:4)
  A scorpion zombie (D:3)
  A hound skeleton (D:3)
  3 hound zombies (D:3)
  5 adders
  An adder skeleton (D:3)
  2 adder zombies (D:3)
  A dart slug (D:1)
  A ribbon worm (D:4)
  10 orcs
  4 bats
  6 endoplasms
  A giant cockroach (D:1)
  4 hobgoblins
  3 jackals
  6 kobolds
  2 quokkas (D:1)
  13 ball pythons
  2 frilled lizards
  6 goblins
  A quokka zombie (D:3)
  3 rats
82 creatures vanquished.

Vanquished Creatures (collateral kills)
  A dart slug (D:1)
  A ball python (D:1)
  A hobgoblin (D:1)
  A jackal (D:1)
  A frilled lizard (D:1)
  A kobold (D:1)
6 creatures vanquished.

Grand Total: 88 creatures vanquished

Notes
Turn   | Place    | Note
-------+----------+-------------------------------------------
     0 | D:1      | croobank the Deep Elf Necromancer began the quest for the
                  | Orb.
     0 | D:1      | Reached XP level 1. HP: 10/10 MP: 6/6
    85 | D:1      | Reached skill level 5 in Necromancy
    85 | D:1      | Reached XP level 2. HP: 15/15 MP: 6/8
   599 | D:1      | Reached XP level 3. HP: 19/19 MP: 8/10
   934 | D:2      | HP: 1/20 [poisoned by an adder]
  1530 | D:2      | HP: 1/20 [poisoned by an adder]
  1857 | D:3      | Reached XP level 4. HP: 12/24 MP: 8/11
  1957 | D:3      | Reached skill level 1 in Fighting
  2095 | D:3      | Reached XP level 5. HP: 13/29 MP: 11/13
  2575 | D:3      | Noticed Sigmund
  2588 | D:3      | Killed Sigmund
  2589 | D:3      | Reached XP level 6. HP: 23/35 MP: 1/15
  2597 | D:3      | Reached skill level 6 in Necromancy
  2619 | D:3      | HP: 1/35 [burnt (5)]
  2759 | D:2      | Learned a level 3 spell: Mephitic Cloud
  3284 | D:4      | Found a stormy altar of Qazlal.
  3330 | D:4      | Reached skill level 5 in Spellcasting
  3330 | D:4      | Reached skill level 1 in Conjurations
  3341 | D:4      | Reached skill level 1 in Alchemy
  3637 | D:4      | Reached XP level 7. HP: 40/40 MP: 1/16
  3773 | D:4      | HP: 2/40 [orc priest/nerve-wracking pain (14)]
  3777 | D:4      | Slain by an orc priest

Illustrated notes

Levels and vault maps discovered:
D:1:      shiori_arrival_elements, layout_basic, st_stairs_8, feat_on_display
D:2:      layout_basic
D:3:      layout_loops_corners, serial_undead, serial_undead_d, serial_undead_f,
          serial_undead_b, serial_undead_b, serial_undead_d, serial_undead_a,
          serial_undead_d, serial_undead_b, uniq_sigmund
D:4:      layout_basic, mainiacjoe_overflow_catwalk

Skill      XL: |  1  2  3  4  5  6 |
---------------+-------------------+-----
Necromancy     | 5 6 |  6.2
Stealth        | 3 4 |  4.7
Dodging        | 3 4 |  4.4
Spellcasting   | 4 5 |  5.1
Fighting       | 1 2 |  2.1
Conjurations   | 1 |  1.5
Alchemy        | 1 |  1.4

Action                     |  1- 3 |  4- 6 |  7- 9 || total
---------------------------+-------+-------+-------++-------
  Melee: Dagger            |    15 |    64 |     5 ||    84
         Unarmed           |     1 |       |       ||     1
   Cast: Necrotise         |    44 |    62 |     3 ||   109
         Mephitic Cloud    |       |     7 |     2 ||     9
    Use: Scroll            |     4 |       |       ||     4
         Potion            |       |     1 |     1 ||     2
   Stab: Sleeping          |     4 |       |       ||     4
         Confused          |       |     3 |       ||     3
         Distracted        |       |     1 |     1 ||     2
 Armour: Robe              |    23 |    31 |     6 ||    60
  Dodge: Dodged            |    26 |    37 |     9 ||    72

Table legend: (Time is in decaauts)
 A = Elapsed time spent in this place.
 B = Non-inter-level travel time spent in this place.
 C = Inter-level travel time spent in this place.
 D = Time resting spent in this place.
 E = Time spent auto-exploring this place.
 F = Levels seen in this place.
 G = Mean time per level.
                   A        B        C        D        E       F      G
               +--------+--------+--------+--------+--------+-----+--------+
         Total |   3775 |   3697 |     78 |    679 |   2325 |   4 |  943.8 |
       Dungeon |   3775 |   3697 |     78 |    679 |   2325 |   4 |  943.8 |
               +--------+--------+--------+--------+--------+-----+--------+

Top non-repeatable levels by time:
     D:3: 1123 daAuts
     D:2: 1078 daAuts
     D:1: 906 daAuts
     D:4: 667 daAuts
